 Dungeon Crawl Stone Soup version 0.25.1-2-g60ff931df9 (webtiles) character file.

Game seed: 12224611192968234164

1280 Descartes the Conjurer (level 8, -3/45 HPs)
             Began as a Tengu Air Elementalist on Aug 8, 2020.
             Was a High Priest of Jiyva.
             Slain by a bullfrog zombie (6 damage)
             ... on level 5 of the Dungeon.
             The game lasted 00:17:01 (6928 turns).

Descartes the Conjurer (Tengu Air Elementalist)     Turns: 6928, Time: 00:17:02

Health: -3/45      AC:  5    Str: 13    XL:     8   Next: 54%
Magic:  15/17      EV: 13    Int: 21    God:    Jiyva [*****.]
Gold:   68         SH:  5    Dex:  8    Spells: 17/18 levels left

rFire    x . .     SeeInvis .   D - +9 falchion of Amorality {freeze, Str+3}
rCold    + . .     Gourm    .   (no shield)
rNeg     . . .     Faith    .   s - +0 leather armour
rPois    .         Spirit   .   (helmet restricted)
rElec    .         Reflect  +   (no cloak)
rCorr    +         Harm     .   (no gloves)
MR       +....                  (boots unavailable)
Stlth    ++........             k - amulet of reflection
HPRegen  0.15/turn              p - ring of ice
MPRegen  0.15/turn              (no ring)

@: no status effects
A: beak, talons 3, yellow scales 1, magic resistance 1, robust 1, weak 1, wild
magic 1, able to fly
a: Fly, Request Jelly, Slimify, Cure Bad Mutation, Renounce Religion


You were on level 5 of the Dungeon.
You worshipped Jiyva.
Jiyva was extremely pleased with you.
You were not hungry.

You visited 1 branch of the dungeon, and saw 5 of its levels.
You also visited: Ossuary.

You collected 68 gold pieces.

Inventory:

Hand Weapons
 b - a +0 dagger
 u - a +1 rapier
 B - a +0 falchion of holy wrath
 D - the +9 falchion of Amorality (weapon) {freeze, Str+3}
   (You found it on level 4 of the Dungeon)

   It has been specially enchanted to freeze those struck by it, causing extra
   injury to most foes and up to half again as much damage against particularly
   susceptible opponents.
   It can also slow down cold-blooded creatures.
   It affects your strength (+3).
Missiles
 d - a throwing net
 f - 6 silver boomerangs (quivered)
 g - 42 stones
 l - 87 arrows
 n - 25 sling bullets
Armour
 a - a +0 robe
 s - a +0 leather armour (worn)
 C - a +0 ring mail
Jewellery
 k - an amulet of reflection (around neck)
 p - a ring of ice (left hand)
 A - an uncursed ring of positive energy {unknown}
Wands
 i - a wand of flame (12)
 q - a wand of polymorph (1)
Scrolls
 e - a scroll of amnesia
 h - 2 scrolls of enchant weapon
 j - 5 scrolls of remove curse
 m - 4 scrolls of teleportation
 y - a scroll of fog {unknown}
 z - 2 scrolls of identify
Potions
 o - a potion of heal wounds {unknown}
 r - a potion of magic {unknown}
 t - a potion of lignification
 v - 3 potions of curing
 w - a potion of haste
 x - a potion of invisibility
Comestibles
 c - 4 rations


   Skills:
 + Level 5.7 Dodging
 + Level 4.1 Stealth
 + Level 5.5 Spellcasting
 + Level 6.0 Conjurations
 + Level 6.0 Air Magic


You had 17 spell levels left.
You knew the following spells:

 Your Spells              Type           Power        Failure   Level  Hunger
a - Shock                 Conj/Air       ####         2%          1    None

Your spell library contained the following spells:

 Spells                   Type           Power        Failure   Level  Hunger
 Static Discharge         Conj/Air       #####...     5%          3    ##.....
 Swiftness                Chrm/Air       ###.....     9%          2    None
 Airstrike                Air            #####.....   16%         4    ####...
 Lightning Bolt           Conj/Air       #####.....   38%         5    #####..


Dungeon Overview and Level Annotations

Branches:
Dungeon (5/15)            Ossuary (visited)
 Temple: D:4-7

Altars:
Hepliaklqana
Okawaru
Xom
Yredelemnul
Jiyva

Annotations:
D:5 3 runed translucent doors, Ayoxin's ghost, novice TrBe; Eustachio


Innate Abilities, Weirdness & Mutations

You have a beak for a mouth.
You have claws for feet.
You can fly continuously.
You are partially covered in yellow scales. (AC +2)
You are resistant to hostile enchantments. (MR+)
You are robust. (+10% HP)
You are weak. (Str -2)
Your spells are a little harder to cast, but a little more powerful.


Message History

* * * LOW HITPOINT WARNING * * *
Found a ration.
You see here a twisted runed staff.
Casting: Shock (safe; 2% risk of failure)
Confirm with . or Enter, or press ? or * to list all spells.
Aiming: Shock (safe; 2% risk of failure)
Press: ? - help, Shift-Dir - straight line, f - bullfrog zombie
Aim: a bullfrog zombie (lightly damaged)
The zap hits the bullfrog zombie!
The bullfrog zombie is moderately damaged.
The bullfrog zombie closely misses you. The hound bites you but does no damage.
You block the bullfrog zombie's attack.
Casting: Shock (safe; 2% risk of failure)
Confirm with . or Enter, or press ? or * to list all spells.
Aiming: Shock (safe; 2% risk of failure)
Press: ? - help, Shift-Dir - straight line, f/p - bullfrog zombie
Aim: a bullfrog zombie (moderately damaged)
The zap misses the bullfrog zombie.
The hound barely misses you. The bullfrog zombie hits you.
You die...

####...#.................#.
...#.##..##...##..............
.........#.....#.......##.....
......#..#.............. .....
.....................#.. ....
.......###.##.......##.. ....
.........#..........#
.....#......Z........
.......#.....@h......
......#^....#....... .#
########...... ...... .....
..... ...% ...#


You could see a hound and a bullfrog zombie.

Vanquished Creatures
  Grinder (D:3)
  Menkaure (Ossuary)
  A water moccasin (D:4)
  A phantom (D:4)
  A centaur (D:5)
  A gnoll sergeant (D:3)
  3 hounds
  2 orc priests
  A gnoll shaman (D:3)
  An iguana (D:5)
  5 worker ants
  A hound skeleton (D:4)
  2 mummies (Ossuary)
  11 gnolls
  6 adders
  2 worms
  2 dart slugs (D:2)
  5 leopard geckos
  3 orcs (D:4)
  4 giant cockroaches
  5 gnoll zombies
  5 goblins
  7 hobgoblins
  15 jackals
  4 kobolds
  2 quokkas
  3 bats
  5 frilled lizards
  3 gnoll skeletons (Ossuary)
  4 goblin skeletons (Ossuary)
  A goblin zombie (Ossuary)
  5 hobgoblin skeletons (Ossuary)
  5 hobgoblin zombies (Ossuary)
  2 kobold skeletons (Ossuary)
  2 kobold zombies (Ossuary)
  3 orc skeletons (Ossuary)
  4 orc zombies (Ossuary)
  A quokka zombie (D:4)
  5 rats
  4 rat skeletons (Ossuary)
  4 rat zombies (Ossuary)
143 creatures vanquished.

Vanquished Creatures (others)
  An ogre (D:4)
  10 jellies
  A howler monkey (D:4)
  2 hounds (D:4)
  An orc priest (D:3)
  A gnoll shaman (D:3)
  2 orc wizards (D:3)
  2 worker ants (D:4)
  A hound skeleton (D:4)
  A mummy (Ossuary)
  24 gnolls (D:3)
  3 adders
  An ooze (D:4)
  4 leopard geckos
  3 orcs (D:3)
  A ball python (D:2)
  2 bats
  A giant cockroach (D:2)
  2 goblins (D:3)
  A hobgoblin (D:3)
  10 jackals
  2 quokkas (D:2)
  A gnoll skeleton (Ossuary)
  2 goblin skeletons (Ossuary)
  A goblin zombie (Ossuary)
  2 kobolds
  A kobold skeleton (Ossuary)
  3 kobold zombies (Ossuary)
  An orc zombie (Ossuary)
  A rat (D:2)
  A rat zombie (Ossuary)
89 creatures vanquished.

Grand Total: 232 creatures vanquished

Notes
Turn   | Place    | Note
-------+----------+-------------------------------------------
     0 | D:1      | Descartes the Tengu Air Elementalist began the quest for
                  | the Orb.
     0 | D:1      | Reached XP level 1. HP: 10/10 MP: 4/4
   144 | D:1      | Reached XP level 2. HP: 15/15 MP: 4/6
   815 | D:1      | Found an iron altar of Okawaru.
  1016 | D:2      | Reached XP level 3. HP: 10/19 MP: 4/7
  1454 | D:2      | Reached XP level 4. HP: 16/24 MP: 2/8
  1858 | D:2      | Found a faded altar of an unknown god.
  1933 | D:2      | Became a worshipper of Jiyva Jonupneg the Shapeless
  1933 | D:2      | Reached * piety under Jiyva
  2010 | D:2      | Reached ** piety under Jiyva
  2085 | D:2      | Found an iron altar of Okawaru.
  2237 | D:2      | Gained mutation: You can fly continuously. [Tengu growth]
  2237 | D:2      | Reached XP level 5. HP: 25/28 MP: 6/10
  2764 | D:3      | Reached *** piety under Jiyva
  2869 | D:3      | Gained mutation: Your movements are slightly less
                  | encumbered by armour. (ER -2) [Jiyva's grace]
  2985 | D:3      | Reached **** piety under Jiyva
  3016 | D:3      | Noticed Terence
  3022 | D:3      | Slimified Terence
  3022 | D:3      | Noticed Terence
  3022 | D:3      | Terence changed into Terence the ooze
  3284 | D:3      | Noticed Grinder
  3296 | D:3      | Reached skill level 5 in Air Magic
  3861 | D:3      | Killed Grinder
  3861 | D:3      | Reached XP level 6. HP: 17/32 MP: 0/12
  4014 | D:3      | Reached XP level 7. HP: 33/36 MP: 7/13
  4073 | D:3      | Gained mutation: Your translucent skin slightly reduces
                  | your foes' accuracy. (Stealth) [Jiyva's grace]
  4135 | D:3      | Found a hazy altar of Hepliaklqana.
  4136 | D:3      | Found a shimmering altar of Xom.
  4137 | D:3      | Noticed a spectral ugly thing
  4290 | D:3      | Reached skill level 5 in Conjurations
  4385 | D:3      | Reached ***** piety under Jiyva
  4749 | D:4      | Found a sand-covered staircase.
  4760 | Ossuary  | Entered an ossuary
  4764 | Ossuary  | Reached skill level 5 in Dodging
  5697 | Ossuary  | Noticed Menkaure
  5706 | Ossuary  | Killed Menkaure
  5706 | Ossuary  | Reached skill level 5 in Spellcasting
  5833 | Ossuary  | Lost mutation: Your movements are slightly less encumbered
                  | by armour. (ER -2) [potion of mutation]
  5833 | Ossuary  | Lost mutation: Your translucent skin slightly reduces your
                  | foes' accuracy. (Stealth) [potion of mutation]
  5833 | Ossuary  | Gained mutation: You are weak. (Str -2) [potion of
                  | mutation]
  5833 | Ossuary  | Gained mutation: You are partially covered in yellow
                  | scales. (AC +2) [potion of mutation]
  5833 | Ossuary  | Gained mutation: Your spells are a little harder to cast,
                  | but a little more powerful. [potion of mutation]
  6037 | D:4      | Reached XP level 8. HP: 33/41 MP: 10/16
  6077 | D:4      | Gained mutation: You are robust. (+10% HP) [Jiyva's grace]
  6211 | D:4      | Got a crystal falchion
  6218 | D:4      | Gained mutation: You are resistant to hostile enchantments.
                  | (MR+) [Jiyva's grace]
  6219 | D:4      | Identified the +9 falchion of Amorality {freeze, Str+3}
                  | (You found it on level 4 of the Dungeon)
  6459 | D:4      | Found a basalt altar of Yredelemnul.
  6745 | D:5      | Entered Level 5 of the Dungeon
  6893 | D:5      | Found a runed translucent gate.
  6893 | D:5      | Found a runed translucent gate.
  6895 | D:5      | Found a runed translucent gate.
  6895 | D:5      | Noticed Eustachio
  6897 | D:5      | Noticed Ayoxin's ghost (novice TrBe)
  6926 | D:5      | HP: 2/45 [hound (5)]
  6928 | D:5      | Slain by a bullfrog zombie

Illustrated notes

Levels and vault maps discovered:
D:1:      dpeg_arrival_water_altar, layout_basic
D:2:      layout_loops_cross, lemuel_round_altar,
          chequers_ecumenical_altar_twisty
D:3:      lemuel_castle_with_subvaults [lemuel_castle_interior_carwin_3],
          layout_loops_ring, regret_index_temple_of_mockery, uniq_terence,
          uniq_grinder
D:4:      minmay_clustersquares, layout_cave_pools,
          lemuel_zombie_altar_yredelemnul, lightli_ossuary_entry_decrepit_ruins,
          gup_sewer_entry_bubbles, first_ration, minivault_11,
          lightli_corner_chamber
D:5:      layout_cave_pools, nicolae_ashenzari_panopticon,
          nicolae_overflow_hidden_temple, gammafunk_ghost_nasty_kobolds,
          uniq_eustachio, uniq_crazy_yiuf_cottage

Skill      XL: |  1  2  3  4  5  6  7  8 |
---------------+-------------------------+-----
Conjurations   | 2 4 5 6 |  6.0
Dodging        | 3 4 5 |  5.7
Stealth        | 3 4 |  4.1
Air Magic      | 5 6 |  6.0
Spellcasting   | 3 5 |  5.5

Action                   |  1- 3 |  4- 6 |  7- 9 || total
-------------------------+-------+-------+-------++-------
Melee: Dagger            |       |    21 |    14 ||    35
       Kick              |       |     3 |     3 ||     6
       Peck              |       |     2 |     6 ||     8
       Rapier            |       |       |    10 ||    10
       Falchion          |       |       |    10 ||    10
 Cast: Shock             |    66 |   111 |   197 ||   374
Invok: Slimify           |       |     1 |       ||     1
  Use: Scroll            |       |       |    10 ||    10
       Potion            |       |       |     1 ||     1
  Eat: Chunk             |     2 |     3 |     1 ||     6
Armor: Robe              |     3 |     7 |       ||    10
       Skin              |       |     2 |       ||     2
       Leather armour    |       |       |    12 ||    12
Dodge: Dodged            |    15 |    30 |    53 ||    98
Block: Other             |       |    14 |    19 ||    33
       Reflection        |       |       |     2 ||     2
       Rpst.: Falchion   |       |       |     7 ||     7
